 Dungeon Crawl Stone Soup version 0.27-a0-1147-gb3d8e82157 (webtiles) character file.

Game seed: 15006043846996381708

25 bilbop the Sneak (level 2, 0/14 HPs)
             Began as a Spriggan Enchanter on May 11, 2021.
             Succumbed to an adder's poison
             ... on level 2 of the Dungeon.
             The game lasted 00:06:43 (1653 turns).

bilbop the Sneak (Spriggan Enchanter)               Turns: 1653, Time: 00:06:44

Health: 0/14       AC:  2    Str:  4    XL:     2   Next: 82%
Magic:  7/7        EV: 17    Int: 16    God:
Gold:   24         SH:  0    Dex: 15    Spells: 6/7 levels left

rFire    . . .     SeeInvis +   a - +1 dagger
rCold    . . .     Faith    .   (shield restricted)
rNeg     + . .     Spirit   .   b - +0 robe
rPois    .         Reflect  .   (helmet restricted)
rElec    .         Harm     .   (no cloak)
rCorr    .         Rampage  .   (gloves unavailable)
Will     .....                  (boots unavailable)
Stlth    +++.......             (no amulet)
HPRegen  0.04/turn              i - ring of positive energy
MPRegen  0.10/turn              (no ring)

@: lethally poisoned (0 -> -4), very quick
A: very small, no large weapons, unfitting armour, see invisible, speed 3
a: no special abilities


You were on level 2 of the Dungeon.
You visited 1 branch of the dungeon, and saw 2 of its levels.

You collected 24 gold pieces.

Inventory:

Hand Weapons
 a - a +1 dagger (weapon)
Missiles
 h - 7 curare-tipped darts
Armour
 b - a +0 robe (worn)
Jewellery
 i - a ring of positive energy (left hand)
Scrolls
 e - a scroll of identify {unknown}
 f - a scroll of noise {unknown}
 g - a scroll of teleportation {unknown}
 j - a scroll of amnesia {unknown}
Potions
 c - a potion of curing {unknown}
 d - a potion of degeneration {unknown}
 k - a potion of might {unknown}


   Skills:
 + Level 0.5 Fighting
 + Level 1.6 Short Blades
 + Level 3.0 Dodging
 + Level 4.7 Stealth
 + Level 3.0 Spellcasting
 + Level 3.9 Hexes


You had 6 spell levels left.
You knew the following spells:

 Your Spells              Type           Power      Damage    Failure   Level
a - Corona                Hex            16%        N/A       3%          1

Your spell library contained the following spells:

 Spells                   Type           Power      Damage    Failure   Level
 Confusing Touch          Hex            15%        N/A       11%         3
 Tukima's Dance           Hex            15%        N/A       11%         3
 Ensorcelled Hibernation  Hex/Ice        16%        N/A       13%         2
 Dazzling Flash           Conj/Hex       16%        N/A       26%         3


Dungeon Overview and Level Annotations

Branches:
Dungeon (2/15)

Altars:


Innate Abilities, Weirdness & Mutations

You are very small and have problems with some larger weapons.
You are too small for most types of armour.
You have supernaturally acute eyesight. (SInv)
You cover ground extremely quickly. (Speed+++)


Message History

You open the door.
There is an open door here.
You open the door.
An adder and an orc come into view.
Found a runed spear and a ring mail.
There is an open door here.
The orc shouts!
The adder hisses angrily.
You hear a shout!
A hobgoblin comes into view.
You barely miss the orc.
A bat comes into view.
The orc closely misses you. The bat hits you but does no damage.
The bat closely misses you.
There is an open door here.
The bat misses you.
There is an open door here.
You hit the orc but do no damage. The bat hits you but does no damage.
The orc hits you with a +0 mace.
You barely miss the adder. The adder closely misses you.
You hit the adder but do no damage. The adder bites you.
You hit the adder.
The adder is heavily wounded.
The adder closely misses you.
You miss the adder.
The adder is heavily wounded.
The adder barely misses you. x2
The bat hits you but does no damage. The bat hits you but does no damage.
There is an open door here.
You closely miss the adder.
The adder is heavily wounded.
The adder misses you.
You barely miss the adder.
The adder is heavily wounded.
The adder bites you.
* * * LOW HITPOINT WARNING * * *
You are lethally poisoned!
The adder poisons you!
You hit the adder.
The adder is severely wounded.
You die...

#.# ######.###
#........#
#.####.#.#
#......#.#
#################.#
#........#.....##.#
#........#.###.##.#
#........#@# #.##.#
#........#S# #....#
#........'b# ######
#...go...###
#........#
###'#######
#...g......
#.#.#######
#......#


You could see an adder and a bat.

Vanquished Creatures
  A dart slug (D:1)
  7 endoplasms (D:1)
  A goblin (D:1)
  2 hobgoblins (D:1)
  2 jackals (D:1)
  A kobold (D:1)
  A bat (D:1)
  2 frilled lizards (D:1)
  3 rats (D:1)
20 creatures vanquished.

Notes
Turn   | Place    | Note
-------+----------+-------------------------------------------
     0 | D:1      | bilbop the Spriggan Enchanter began the quest for the Orb.
     0 | D:1      | Reached XP level 1. HP: 9/9 MP: 5/5
   631 | D:1      | Reached XP level 2. HP: 13/13 MP: 6/6
  1653 | D:2      | Succumbed to an adder's poison

Illustrated notes

Levels and vault maps discovered:
D:1:      nzn_arrival_depleted_hourglass, layout_basic
D:2:      layout_basic, minmay_domino_4

Skill      XL: |  1  2 |
---------------+-------+-----
Dodging        | 3 |  3.0
Spellcasting   | 3 |  3.0
Fighting       | |  0.5
Short Blades   | |  1.6
Stealth        | |  4.7
Hexes          | |  3.9

Action                   || total
-------------------------++-------
Melee: Dagger            ||    67
 Cast: Corona            ||     6
 Stab: Sleeping          ||    10
Armor: Robe              ||     9
Dodge: Dodged            ||    50

Table legend: (Time is in decaauts)
 A = Elapsed time spent in this place.
 B = Non-inter-level travel time spent in this place.
 C = Inter-level travel time spent in this place.
 D = Time resting spent in this place.
 E = Time spent auto-exploring this place.
 F = Levels seen in this place.
 G = Mean time per level.
                   A        B        C        D        E       F      G
               +--------+--------+--------+--------+--------+-----+--------+
         Total |   1219 |   1164 |     55 |    435 |    561 |   2 |  609.5 |
       Dungeon |   1219 |   1164 |     55 |    435 |    561 |   2 |  609.5 |
               +--------+--------+--------+--------+--------+-----+--------+

Top non-repeatable levels by time:
     D:1: 1172 daAuts
     D:2: 46 daAuts
